Map: Frozen Temple

Players

capac - Winner!

  • Race: Terran Terran
  • League: Gold

Maklom

  • Race: Terran Terran
  • League: Gold

VOD

Have the link to the VOD?

Description

Time

  • Played on: April 14, 2016, 1:27 p.m.
  • Length: 9:35
Show
View Real Time Build Order
Export as new Build Order

capac Terran - Winner!

Build Orders: Reaper Expand, Bio Tank 

Get SALT Encoding   

  12  0:00  SCV  
  13  0:13  SCV  
  14  0:19  Supply Depot  
  14  0:25  SCV  
  15  0:40  SCV  
  15  0:41  Barracks  
  16  0:45  Refinery  
  16  0:53  SCV  
  17  1:05  SCV  
  18  1:17  SCV  
  19  1:29  Orbital Command  
  19  1:30  Reaper  
  20  1:44  Command Center  
  20  1:52  Supply Depot  
  20  1:54  SCV  
  21  2:02  Marine  
  21  2:07  SCV  
  23  2:13  Factory  
  23  2:15  Refinery  
  23  2:19  SCV  
  24  2:30  Barracks  
  24  2:32  Barracks Reactor, SCV  
  25  2:44  SCV  
  26  2:56  SCV  
  26  2:57  Factory Tech Lab  
  27  3:02  Bunker  
  27  3:06  Orbital Command  
  27  3:08  SCV  
  27  3:09  Marine x2  
  30  3:17  Siege Tank  
  33  3:20  SCV  
  33  3:21  Barracks Tech Lab  
  34  3:27  Marine  
  34  3:28  Marine  
  34  3:32  SCV  
  37  3:36  Supply Depot  
  37  3:37  SCV  
  38  3:44  Marine  
  38  3:46  Stimpack  
  39  3:53  SCV x2  
  41  4:01  Siege Tank  
  44  4:03  Marine x2  
  44  4:04  Marine  
  44  4:07  SCV x2  
  49  4:23  Marine x2  
  49  4:24  Supply Depot, Marine  
  52  4:25  SCV x2  
  52  4:27  Refinery  
  54  4:33  Starport  
  54  4:58  Refinery  
  54  4:59  SCV x2  
  55  5:00  Siege Tank  
  58  5:12  Starport Reactor  
  58  5:14  Marine x2  
  58  5:15  Marine  
  58  5:16  SCV, Command Center  
  58  5:20  Supply Depot  
  62  5:35  SCV  
  62  5:39  Barracks  
  62  5:42  Siege Tank, SCV  
  66  5:48  Marine x3  
  69  5:51  SCV  
  70  5:57  Supply Depot  
  70  6:02  Medivac x2  
  70  6:03  SCV x2  
  76  6:05  Combat Shields  
  76  6:15  SCV  
  76  6:16  SCV  
  78  6:19  Siege Tank  
  81  6:26  Supply Depot  
  81  6:30  Engineering Bay x2, Barracks Reactor  
  81  6:32  Barracks  
  81  6:37  Marine x3  
  84  6:40  Medivac x2  
  88  6:49  SCV  
  88  6:50  SCV  
  90  6:55  Marine x3, Siege Tank  
  96  7:02  Orbital Command  
  96  7:12  Barracks  
  96  7:26  Liberator x2  
  96  7:35  Marine x4  
  100  7:38  Barracks Reactor  
  100  7:40  SCV  
  100  7:41  SCV x2  
  100  7:42  Barracks  
  109  7:51  Supply Depot  
  109  7:52  Supply Depot  
  109  8:12  Marauder, Marine x4, SCV  
  116  8:14  Siege Tank  
  105  8:40  Marine x2  
  101  8:53  Supply Depot  
  101  8:54  Marine x3  
  101  8:55  Marauder, Marine, Siege Tank  
  116  8:56  Supply Depot  
  113  9:08  Marine  
  113  9:09  Marine  
  108  9:12  Marine  
Show
View Real Time Build Order
Export as new Build Order

Maklom Terran 

Build Orders: MMM Bio 

Get SALT Encoding   

  12  0:01  SCV  
  13  0:13  SCV  
  14  0:18  Supply Depot  
  14  0:25  SCV  
  15  0:40  SCV  
  15  0:41  Barracks  
  16  0:47  Refinery  
  16  0:52  SCV  
  18  1:04  SCV  
  18  1:11  Barracks  
  18  1:17  SCV  
  19  1:28  Barracks Tech Lab  
  19  1:29  SCV  
  19  1:30  Supply Depot  
  20  1:41  SCV  
  21  1:49  Marine  
  22  1:55  Orbital Command  
  22  1:56  Refinery  
  22  2:05  Barracks Reactor  
  22  2:12  Marauder  
  23  2:29  Barracks  
  23  2:31  SCV  
  24  2:40  Marauder  
  24  2:42  Marine x2  
  24  2:43  Stimpack  
  28  2:56  Command Center  
  28  3:03  Marine x2  
  30  3:09  Supply Depot  
  30  3:18  Barracks Reactor  
  30  3:23  Engineering Bay  
  30  3:26  Marine  
  31  3:31  Marauder, Marine  
  34  3:37  Supply Depot  
  34  3:39  SCV  
  35  3:51  Terran Infantry Weapons Level 1  
  35  3:53  SCV  
  36  4:01  Supply Depot  
  36  4:03  Marine x3  
  36  4:04  Marine  
  41  4:10  SCV x2  
  42  4:24  Marine x4  
  43  4:27  SCV  
  43  4:28  SCV  
  48  4:39  SCV  
  48  4:40  SCV  
  48  4:54  Marine x3  
  48  4:55  Marine  
  48  4:59  Marauder  
  54  5:00  Barracks  
  54  5:07  SCV x2  
  56  5:15  Marine  
  56  5:18  Marine x2  
  56  5:19  SCV x2  
  56  5:20  Marauder  
  56  5:21  Marine  
  64  5:31  SCV  
  64  5:32  Supply Depot  
  64  5:40  Marine x2  
  64  5:41  Marine x3  
  67  5:43  SCV  
  68  5:50  Barracks Reactor  
  68  5:51  Factory  
  68  5:54  SCV  
  68  5:55  SCV  
  70  5:58  Combat Shields  
  70  6:06  Supply Depot, SCV  
  70  6:08  Terran Infantry Armor Level 1  
  71  6:23  Marine  
  71  6:24  Marine x3  
  71  6:25  Marauder  
  77  6:28  Marine x2  
  80  6:32  SCV  
  80  6:33  SCV  
  80  6:36  Supply Depot  
  80  6:38  Starport  
  80  6:39  Factory Tech Lab  
  81  6:41  Factory Reactor  
  81  6:42  Marine  
  81  6:43  Marine x2  
  81  6:45  SCV  
  85  6:51  SCV  
  86  6:57  Marine x4, SCV  
  86  7:00  Supply Depot, Marine  
  92  7:12  Marine  
  92  7:13  Marine  
  94  7:20  Supply Depot  
  94  7:21  Supply Depot, Marine x3  
  97  7:31  Factory Tech Lab  
  97  7:32  Medivac x2  
  97  7:34  Marine  
  102  7:40  Supply Depot  
  102  7:41  Marine x2  
  102  7:42  Supply Depot, Marauder  
  106  7:45  Supply Depot  
  106  7:53  Concussive Shells  
  106  7:57  Command Center  
  106  8:00  Marine x5  
  111  8:06  SCV x2  
  111  8:09  Marauder  
  115  8:14  Siege Tank  
  63  8:46  Marine x2  
  56  9:14  Marine  
Tags
 
Add a new tag
Caveats
  • Supply blocks, unpowered buildings, or Contaminate may cause inaccurate times.
  • Supply counts are checked every 10 seconds.